AoeStats
← LM | TornardoBriese

Arabia

510082494Analyzed
1v1 RM · 2d ago on Sep 29, 2026· 40m 7s· 2 players
Game mode
Random Map
Map size
Tiny (2 player)
Population
200
Speed
Normal
Resources
Standard
Victory
Conquest
Starting age
Dark Age
Ending age
Imperial Age
RankedLock teamsTeams togetherTeam positionsShared explorationLock speedFull tech treeHidden civsTurbo modeCheats
Victory
Defeat
🇨🇭 Varangians · Switzerland
1150
+17
🇦🇷 Lithuanians · Argentina
1163
-17
LM | TornardoBriese
6:28 Loom
9:06 Feudal Age
9:37 Man-at-Arms
15:15 Fletching
21:23 Wheelbarrow
21:37 Double-Bit Axe
25:14 Castle Age
23:34 Gold Mining
23:28 Horse Collar
24:29 Bloodlines
24:49 Scale Barding Armor
26:28 Forging
26:43 Bow Saw
31:23 Town Watch
34:04 Husbandry
35:56 Chain Barding Armor
36:34 Iron Casting
39:53 Light Cavalry
Weldyn
6:26 Loom
12:45 Feudal Age
17:00 Scale Barding Armor
20:36 Double-Bit Axe
20:33 Horse Collar
24:12 Castle Age
22:38 Horse Collar
22:49 Gold Mining
23:35 Bloodlines
23:56 Scale Barding Armor
24:23 Forging
25:36 Chain Barding Armor
27:36 Husbandry
37:41 Devotion
Connection lost

Rejoining the realm…

Still unreachable

The connection could not be restored.

Session expired

The server has moved on; the page needs a fresh start.